 Dungeon Crawl Stone Soup version 0.17-a0-435-gc4df345 (webtiles) character file.

42 Hanyuu the Digger (level 3, 0/21 HPs)
             Began as a Gargoyle Earth Elementalist on Apr 4, 2015.
             Slain by a goblin (2 damage)
             ... on level 2 of the Dungeon on Apr 5, 2015.
             The game lasted 00:03:26 (1156 turns).

Hanyuu the Digger (Gargoyle Earth Elementalist)     Turns: 1156, Time: 00:03:27

Health: 0/21       AC:  6    Str: 12    XL:     3   Next: 56%
Magic:  7/7        EV: 12    Int: 15    God:
Gold:   56         SH:  0    Dex: 10    Spells: 2 memorised, 4 levels left

rFire  . . .     SeeInvis .     i - +0 mace
rCold  . . .     Clarity  .     c - +0 robe
rNeg   + . .     SustAb   .     (no shield)
rPois  ∞         Gourm    .     (no helmet)
rElec  +         Spirit   .     (no cloak)
rCorr  .         Warding  .     e - +0 pair of gloves
rMut   .         Stasis   .     (no boots)
MR     .....                    (no amulet)
Stlth  ++........               (no ring)
                                (no ring)

@: not resistant to hostile enchantments, unstealthy
A: negative energy resistance 1, electricity resistance, unbreathing,
petrification resistance, rot immunity, AC +3
a: no special abilities


You were on level 2 of the Dungeon.
You were very hungry.

You visited 1 branch of the dungeon, and saw 2 of its levels.

You collected 56 gold pieces.

Inventory:

Hand weapons
 i - a +0 mace (weapon)
Missiles
 b - 64 stones (quivered)
 g - 2 needles of paralysis
 m - 2 needles of confusion
Armour
 c - a +0 robe (worn)
 e - a +0 pair of gloves (worn)
Jewellery
 n - an uncursed ring of protection from fire {unknown}
Scrolls
 h - 3 scrolls of identify {unknown}
 j - 4 scrolls of remove curse {unknown}
Potions
 f - a potion of magic {unknown}
 k - 2 potions of curing {unknown}
 l - 3 potions of might {unknown}
Books
 d - a book of Geomancy

   Spells                             Type                      Level
   a - Sandblast                      Earth                        1
   b - Stoneskin                      Transmutation/Earth          2
   c - Passwall                       Transmutation/Earth          3
   d - Stone Arrow                    Conjuration/Earth            3
   e - Petrify                        Transmutation/Earth          4
   f - Lee's Rapid Deconstruction     Earth                        5
Comestibles
 a - a bread ration


   Skills:
 * Level 1.8 Fighting
 * Level 1.3 Maces & Flails
 - Level 1.5 Dodging
 - Level 2.1 Stealth
 + Level 2.7 Spellcasting
 - Level 0.7 Transmutations
 - Level 3.6 Earth Magic


You had 4 spell levels left.
You knew the following spells:

 Your Spells              Type           Power        Failure   Level  Hunger
a - Sandblast             Erth           ##....       6%          1    #......
b - Stoneskin             Trmt/Erth      #.......     14%         2    ##.....


Dungeon Overview and Level Annotations

Branches:
Dungeon (2/15)

Altars:


Innate Abilities, Weirdness & Mutations

You are resistant to torment.
Your stone body is resilient (AC +3).
You are immune to poison.
You resist negative energy.
You are resistant to electric shocks.
You can survive without breathing.
You are immune to petrification.
You are immune to rotting.


Message History

You closely miss the adder.
The adder is severely wounded.
You are feeling very hungry.
The adder barely misses you. The goblin misses you.
The adder bites you but does no damage. The goblin hits you.
* * * LOW HITPOINT WARNING * * *
You closely miss the adder.
The adder is severely wounded.
The adder closely misses you. The goblin closely misses you.
The adder bites you but does no damage.
You closely miss the adder.
The adder is severely wounded.
The adder barely misses you. The goblin hits you but does no damage.
You hit the adder.
You kill the adder!
The goblin misses you.
You closely miss the goblin. The goblin closely misses you.
The goblin hits you.
You die...

#.#################.#.#.#
#...................#.#.#
#####################....
######### #.##....
###.......#########.......
............##.......#....
#.........#.##.......#....
#...?.....#..#.......#.###
#........@##.#.......#.#
###...†.g†##.........#.#
#.......###........#.#
.<..........##........#.#
####.......###.####.##.
#.......# #.. #.# .
#.......# ##.# .##.#
#.......# .. #.# #.......#
>.. #.#


You could see a goblin.

Vanquished Creatures
  2 adders (D:2)
  A worm (D:2)
  A giant gecko (D:1)
  2 hobgoblins (D:1)
  7 bats
  2 giant newts
  5 goblins
  A quokka (D:2)
  A rat (D:2)
22 creatures vanquished.

Notes
Turn   | Place    | Note
--------------------------------------------------------------
     0 | D:1      | Hanyuu, the Gargoyle Earth Elementalist, began the quest for the Orb.
     0 | D:1      | Reached XP level 1. HP: 10/10 MP: 3/3
   338 | D:1      | Reached XP level 2. HP: 16/16 MP: 5/5
   679 | D:2      | Reached skill level 1 in Fighting
   685 | D:2      | Reached skill level 1 in Maces & Flails
   709 | D:2      | Learned a level 2 spell: Stoneskin
   794 | D:2      | Reached XP level 3. HP: 3/20 MP: 4/6
  1156 | D:2      | Slain by a goblin

Action                   || total
-------------------------++-------
Melee: Mace              ||    82
       Unarmed           ||     1
 Cast: Sandblast         ||     5
       Stoneskin         ||     1
 Stab: Sleeping          ||     1
